 Dungeon Sprint DCSS version 0.17-a0-1946-gfb768fe (webtiles) character file.

1586 esc the Fighter (level 8, -6/68 HPs)
             Began as an Octopode Transmuter on Oct 1, 2015.
             Was a Priest of Vehumet.
             Killed from afar by a deep elf knight (15 damage)
             ... with a spray of energy
             ... in the Dungeon (Sprint V: "Ziggurat Sprint").
             The game lasted 00:07:59 (441 turns).

esc the Fighter (Octopode Transmuter)                Turns: 441, Time: 00:07:59

Health: -6/68      AC:  1    Str: 22    XL:     8   Next: 92%
Magic:  15/19      EV: 20    Int: 29    God:    Vehumet [***...]
Gold:   0          SH:  0    Dex: 24    Spells: 3 memorised, 11 levels left

rFire  . . .     SeeInvis .       - Unarmed
rCold  . . .     Clarity  .     (shield currently unavailable)
rNeg   . . .     SustAt   .     (helmet restricted)
rPois  .         Gourm    .     (no amulet)
rElec  .         Spirit   .     E - +6 ring of dexterity
rCorr  .         Warding  .     F - +6 ring of dexterity
rMut   .         NoTele   +     G - +6 ring of intelligence
MR     .....                    H - +6 ring of intelligence
Stlth  +++.......               I - +6 ring of strength
                                J - +6 ring of strength
                                (no ring)
                                (no ring)

@: blade tentacles, very slightly contaminated, hasted and slowed, drained, not
resistant to hostile enchantments, fairly stealthy
A: almost no armour, amphibious, 8 rings, constrict 8, camouflage 1, gelatinous
body 1
a: End Transformation, Renounce Religion


You were in the Dungeon.
You worshipped Vehumet.
Vehumet was most pleased with you.
You were not hungry.
You had blades for tentacles.
You visited 1 branch

Inventory:

Missiles
 a - 1012 arrows
Armour
 L - the +18 shield of the gong {rElec rN+ MR+ EV-5}
   (You found it in the Dungeon)

   It affects your evasion (-5).
   It insulates you from electricity.
   It protects you from negative energy.
   It affects your resistance to hostile enchantments.
Magical staves
 C - an uncursed staff of energy {@w1+MP, hungerless spells, !d!a}
   (You found it in the Dungeon)
Jewellery
 E - a +6 ring of dexterity (left scythe-like blade)
   (You found it in the Dungeon)
 F - a +6 ring of dexterity (right scythe-like blade)
   (You found it in the Dungeon)
 G - a +6 ring of intelligence (on tentacle)
   (You found it in the Dungeon)
 H - a +6 ring of intelligence (on tentacle)
   (You found it in the Dungeon)
 I - a +6 ring of strength (on tentacle)
   (You found it in the Dungeon)
 J - a +6 ring of strength (on tentacle)
   (You found it in the Dungeon)
Magical devices
 y - a wand of disintegration (6)
   (You found it in the Dungeon)
 z - a wand of fire (5)
   (You found it in the Dungeon)
 A - a wand of cold (4)
   (You found it in the Dungeon)
 B - a wand of draining (2)
   (You found it in the Dungeon)
Scrolls
 i - 3 scrolls of blinking {!r}
 l - 4 scrolls of amnesia
 m - 3 scrolls of recharging
 n - 8 scrolls of fog
 o - a scroll of holy word {!r}
 p - 5 scrolls of identify
 q - 5 scrolls of remove curse
 r - a scroll of fear
 v - 4 scrolls of enchant weapon
Potions
 d - 10 potions of curing
 e - 10 potions of heal wounds
 f - 5 potions of haste
 g - 7 potions of magic
 h - 3 potions of berserk rage {!q}
 s - 2 potions of brilliance
 t - 2 potions of invisibility
 u - 4 potions of resistance
 w - 5 potions of agility
 x - 5 potions of might
Books
 b - a book of Changes
 O - a book of Power
   (You found it in the Dungeon)
 P - the Guide on Intoxication
   (You found it in the Dungeon)

   Spells                             Type                      Level
   a - Sting                          Conjuration/Poison           1
   b - Cure Poison                    Poison                       2
   c - Venom Bolt                     Conjuration/Poison           5
 Q - Zausamobuw's Collected Works on the Supportive Mountains
   (You found it in the Dungeon)

   Spells                             Type                      Level
   a - Sandblast                      Earth                        1
   b - Call Imp                       Summoning                    2
   c - Passwall                       Transmutation/Earth          3
   d - Shadow Creatures               Summoning                    5
   e - Shatter                        Earth                        9
Miscellaneous
 D - a crystal ball of energy
   (You found it in the Dungeon)
 K - a disc of storms
   (You found it in the Dungeon)
 N - a plain deck of defence
   (You found it in the Dungeon)
Comestibles
 c - 5 bread rations {@e1}
 j - 42 fruits
 k - 4 meat rations {@e2}
 M - 6 chunks of flesh {@w0}


   Skills:
 + Level 11.6(11.2) Fighting
 + Level 8.1(7.7) Dodging
 + Level 8.4(8.0) Unarmed Combat
 + Level 7.4(7.0) Spellcasting
 + Level 8.1(7.7) Transmutations


You had 11 spell levels left.
You knew the following spells:

 Your Spells              Type           Power        Failure   Level  Hunger
a - Beastly Appendage     Trmt           ######       10%         1    None
b - Ice Form              Ice/Trmt       ####....     50%         4    ##.....
x - Blade Hands           Trmt           ######....   41%         5    ####...


Dungeon Overview and Level Annotations

Branches:
Dungeon (1/1)

Altars:
Ashenzari
Cheibriados
Dithmenos
Elyvilon
Fedhas
Gozag
Kikubaaqudgha
Makhleb
Nemelex Xobeh
Okawaru
Qazlal
Ru
Sif Muna
Trog
Vehumet
Xom
Yredelemnul
Zin
The Shining One
Beogh
Jiyva
Lugonu


Innate Abilities, Weirdness & Mutations

You cannot wear most types of armour.
You are amphibious.
You can wear up to eight rings at the same time.
You can use your tentacles to constrict eight enemies at once.
Your skin changes colour to match your surroundings (Stealth).
Your rubbery body absorbs attacks (AC +1).


Message History

You see here a wolf skeleton.
Items here: )) [[ † a short sword; a robe; a short sword; a robe; a spriggan corpse You butcher the spriggan corpse.
M - 6 chunks of flesh {@w0} (gained 2)
Items here: )) [[ ÷ a short sword; a robe; a short sword; a robe; a spriggan skeleton You see here the Guide on Intoxication.
P - the Guide on Intoxication You see here Zausamobuw's Collected Works on the Supportive Mountains.
Q - Zausamobuw's Collected Works on the Supportive Mountains You see here the +7 war axe of Fixation {chop, rPois MR+ Str-3}.
Okay, then.
You start resting.
Your transformation is almost over.
You regained 2 hp, and now have 47/67 hp.
You start resting.
Your tentacles revert to their normal proportions.
You regained 2 hp, and now have 49/67 hp.
You regained 2 mp, and now have 17/18 mp.
You start resting.
Health restored: 67; MP restored: 18 Your surroundings seem different!
Welcome to arena 4.
A deep elf fighter, a deep elf knight, a deep elf mage and a deep elf summoner come into view.
Read which item? (? for menu, Esc to quit)
Okay, then.
Read which item? (? for menu, Esc to quit)
Okay, then.
Okay, then.
The deep elf knight shouts!
Aim: a deep elf summoner, wielding a rapier (hasn't noticed you)
The bolt of negative energy hits the deep elf summoner.
The deep elf summoner is drained!
The deep elf summoner shouts!
The bolt of negative energy hits the deep elf mage.
The deep elf mage is drained!
The deep elf mage shouts!
This wand has 2 charges left.
Your tentacles turn into razor-sharp scythe blades.
The deep elf summoner mumbles some strange words.
The deep elf summoner blinks!
The deep elf knight points at you and mumbles some strange words.
The spray of energy hits you!
You take 15 damage, and have 52/67 hp.
MASSIVE DAMAGE!!
You now have 13/18 mp.
Okay, then.
Drink which item? (? for menu, Esc to quit)
Okay, then.
Drink which item? (? for menu, Esc to quit)
You feel yourself speed up.
The deep elf summoner mumbles some strange words.
The deep elf knight casts a spell.
The deep elf knight flickers and vanishes!
Deactivating autopickup; reactivate with Ctrl-A.
You are very lightly contaminated with residual magic.
Unknown command.
You shred the deep elf mage!!!
You kill the deep elf mage!
Vehumet accepts your kill. Vehumet offers you knowledge of Freeze.
Vehumet is aiding your destructive magics.
You feel your power returning.
Your Unarmed Combat skill increases to level 8!
The deep elf fighter gestures at you while chanting.
You feel yourself slow down.
The deep elf summoner mumbles some strange words.
The demonic crawler hits you. The demonic crawler closely misses you.
The demonic crawler misses you. The demonic crawler hits you!
The demonic crawler hits you! The demonic crawler closely misses you.
The hell rat barely misses you.
You take 25 damage, and have 27/67 hp.
MASSIVE DAMAGE!!
You slice the deep elf fighter!!
You kill the deep elf fighter!
Vehumet accepts your kill.
Your Dodging skill increases to level 8!
Your Transmutations skill increases to level 8!
The hell rat bites you!
* * * LOW HITPOINT WARNING * * *
You feel drained.
The demonic crawler completely misses you.
The demonic crawler hits you!
* * * LOW HITPOINT WARNING * * *
The demonic crawler misses you.
You take 18 damage, and have 9/68 hp.
MASSIVE DAMAGE!!
Drink which item? (? for menu, Esc to quit)
Okay, then.
Read which item? (? for menu, Esc to quit)
Really read
i - 4 scrolls of blinking {!r}?
Blink to where?
As you read the scroll of blinking {!r}, it crumbles to dust.
The deep elf summoner hits you with a rapier.
* * * LOW HITPOINT WARNING * * *
You completely miss the deep elf summoner.
You grab the deep elf summoner. You constrict the deep elf summoner.
You hear some strange, mumbled words.
A spray of energy appears from out of thin air!
The spray of energy hits you!
You die...

▓..÷..▓.....▓..%.
▓.....▓.....▓..÷.
▓.....▓...÷.▓....
▓.....▓.....▓▓▓▓▓
▓▓▓▓▓▓▓▓▓▓▓▓▓▓
▓..8©8...▓
▓..[=)...▓
▓.r.)....▓
▓@.s.....▓
▓.es.....▓
▓s▓.)..▓.▓
▓r.§.....▓
▓▓▓▓▓▓▓▓▓▓


You could see 2 demonic crawlers, a deep elf summoner, a redback and 2 hell
rats.

Vanquished Creatures
  A fire drake (D)
  A deep elf mage (D)
  2 spriggans (D)
  A deep elf fighter (D)
  2 wolves (D)
  A swamp drake (D)
  A black bear (D)
  2 jackals (D)
11 creatures vanquished.

Vanquished Creatures (others)
  3 spatial maelstroms (D)
3 creatures vanquished.

Grand Total: 14 creatures vanquished

Notes
Turn   | Place    | Note
--------------------------------------------------------------
     0 | D        | esc the Octopode Transmuter began the quest for the Orb.
     0 | D        | Reached XP level 1. HP: 13/13 MP: 3/3
     0 | D        | Banished a spatial maelstrom
     1 | D        | Banished a spatial maelstrom
     2 | D        | Found an iron altar of Okawaru.
     2 | D        | Found a radiant altar of Vehumet.
     2 | D        | Found a shimmering altar of Xom.
     2 | D        | Found a burning altar of Makhleb.
     4 | D        | Banished a spatial maelstrom
    14 | D        | Found a deep blue altar of Sif Muna.
    16 | D        | Found a corrupted altar of Lugonu.
    16 | D        | Found a white marble altar of Elyvilon.
    16 | D        | Found a roughly hewn altar of Beogh.
    16 | D        | Found a sparkling altar of Nemelex Xobeh.
    16 | D        | Found a viscous altar of Jiyva.
    16 | D        | Found a bloodstained altar of Trog.
    67 | D        | Became a worshipper of Vehumet
    73 | D        | Entered arena 1.
    73 | D        | Noticed a fire drake
    73 | D        | Noticed a swamp drake
    76 | D        | Killed a fire drake
    76 | D        | Reached skill level 5 in Fighting
    76 | D        | Reached skill level 5 in Dodging
    76 | D        | Reached skill level 6 in Unarmed Combat
    76 | D        | Reached skill level 5 in Spellcasting
    76 | D        | Reached skill level 5 in Transmutations
    76 | D        | Reached XP level 2. HP: 17/24 MP: 2/8
    76 | D        | Reached XP level 3. HP: 20/29 MP: 2/9
    76 | D        | Reached XP level 4. HP: 24/35 MP: 2/11
    76 | D        | Reached XP level 5. HP: 26/39 MP: 2/12
    76 | D        | Reached XP level 6. HP: 30/45 MP: 2/13
    77 | D        | Killed a swamp drake
    77 | D        | Reached skill level 6 in Fighting
    77 | D        | Reached skill level 6 in Dodging
    77 | D        | Reached skill level 6 in Transmutations
    91 | D        | Learned a level 5 spell: Blade Hands
    96 | D        | Learned a level 4 spell: Ice Form
   183 | D        | Reached skill level 10 in Fighting
   183 | D        | Reached XP level 7. HP: 51/60 MP: 15/15
   228 | D        | Entered arena 2.
   228 | D        | Noticed a wolf
   231 | D        | Killed a wolf
   231 | D        | Acquired Vehumet's first power
   231 | D        | Offered knowledge of Sandblast by Vehumet.
   231 | D        | Reached skill level 7 in Unarmed Combat
   231 | D        | Reached skill level 6 in Spellcasting
   306 | D        | Entered arena 3.
   306 | D        | Noticed a black bear
   306 | D        | Noticed a spriggan
   306 | D        | Noticed a spriggan
   306 | D        | Noticed a wolf
   312 | D        | Killed a spriggan
   312 | D        | Reached skill level 11 in Fighting
   312 | D        | Reached skill level 7 in Dodging
   312 | D        | Reached skill level 7 in Transmutations
   312 | D        | Reached XP level 8. HP: 61/67 MP: 11/17
   314 | D        | Killed a spriggan
   315 | D        | Killed a black bear
   316 | D        | Killed a wolf
   316 | D        | Reached skill level 7 in Spellcasting
   324 | D        | Identified the Guide on Intoxication (You found it in the Dungeon)
   326 | D        | Identified Zausamobuw's Collected Works on the Supportive Mountains (You found it in the Dungeon)
   432 | D        | Entered arena 4.
   432 | D        | Noticed a deep elf mage
   432 | D        | Noticed a deep elf knight
   432 | D        | Noticed a deep elf summoner
   432 | D        | Noticed a deep elf fighter
   437 | D        | Noticed a demonic crawler
   437 | D        | Noticed a demonic crawler
   437 | D        | Killed a deep elf mage
   437 | D        | Offered knowledge of Freeze by Vehumet.
   437 | D        | Acquired Vehumet's second power
   437 | D        | Reached skill level 8 in Unarmed Combat
   439 | D        | Killed a deep elf fighter
   439 | D        | Reached skill level 8 in Dodging
   439 | D        | Reached skill level 8 in Transmutations
   439 | D        | HP: 9/68 [demonic crawler[a deep elf summoner] (9)]
   441 | D        | Killed from afar by a deep elf knight

Vault maps used:
D:        sprint_v

Action                   |  1- 3 |  4- 6 |  7- 9 || total
-------------------------+-------+-------+-------++-------
Melee: Unarmed           |       |       |    12 ||    12
 Cast: Beastly Appendage |     1 |       |       ||     1
       Blade Hands       |       |       |     3 ||     3
Evoke: Wand              |     2 |     2 |     1 ||     5
  Use: Potion            |       |     1 |     1 ||     2
       Scroll            |       |       |     2 ||     2

Vault maps used:
D:        sprint_v

Table legend:
 A = Turns spent in this place as a percentage of turns spent in the entire game.
 B = Non-inter-level travel turns spent in this place as a percentage of non-inter-level travel turns spent in the entire game.
 C = Inter-level travel turns spent in this place as a percentage of turns spent in this place.
 D = Turns resting spent in this place as a percentage of non-inter-level travel turns spent in this place.
 E = Turns spent auto-exploring this place as a percentage of non-inter-level travel turns spent in this place.
 F = Non-inter-level travel turns spent in this place divided by the number of levels of this place that you've seen.
                   A       B       C       D       E      F
               +-------+-------+-------+-------+-------+----------------------
         Total | 100.0 | 100.0 |   0.0 |   6.3 |   0.0 | 159.0
       Dungeon | 100.0 | 100.0 |   0.0 |   6.3 |   0.0 | 159.0
               +-------+-------+-------+-------+-------+----------------------

Table legend:
 A = Kills in this place as a percentage of kills in entire the game.
 B = Kills by you in this place as a percentage of kills by you in the entire game.
 C = Kills by friends in this place as a percentage of kills by friends in the entire game.
 D = Other kills in this place as a percentage of other kills in the entire game.
 E = Experience gained in this place as a percentage of experience gained in the entire game.
 F = Experience gained in this place divided by the number of levels of this place that you have seen.
                   A       B       C       D       E      F
               +-------+-------+-------+-------+-------+----------------------
         Total | 100.0 | 100.0 |  -nan |  -nan | 100.0 | 1794.0
       Dungeon | 100.0 | 100.0 |  -nan |  -nan | 100.0 | 1794.0
               +-------+-------+-------+-------+-------+----------------------
